 Dungeon Crawl Stone Soup version 0.17-a0-1460-g8163d8a (webtiles) character file.

113 zeke the Skirmisher (level 4, -8/41 HPs)
             Began as a Minotaur Fighter on July 1, 2015.
             Was an Initiate of Makhleb.
             Killed from afar by an orc wizard (10 damage)
             ... with a magic dart
             ... on level 3 of the Dungeon.
             The game lasted 00:05:23 (1840 turns).

zeke the Skirmisher (Minotaur Fighter)              Turns: 1840, Time: 00:05:23

Health: -8/41      AC:  8    Str: 21    XL:     4   Next: 65%
Magic:  3/3        EV:  8    Int:  5    God:    Makhleb [......]
Gold:   108        SH:  9    Dex: 10    Spells: 0 memorised, 3 levels left

rFire  . . .     SeeInvis .     a - +0 war axe
rCold  . . .     Clarity  .     b - +0 scale mail
rNeg   . . .     SustAt   .     c - +0 shield
rPois  .         Gourm    .     (helmet restricted)
rElec  .         Spirit   .     (no cloak)
rCorr  .         Warding  .     j - +0 pair of gloves
rMut   .         Stasis   .     (no boots)
MR     .....                    (no amulet)
Stlth  ..........               (no ring)
                                (no ring)

@: not resistant to hostile enchantments, extremely unstealthy
A: retaliatory headbutt, horns 2
a: Renounce Religion


You were on level 3 of the Dungeon.
You worshipped Makhleb.
Makhleb was noncommittal.
You were not hungry.

You visited 1 branch of the dungeon, and saw 3 of its levels.

You collected 108 gold pieces.

Inventory:

Hand weapons
 a - a +0 war axe (weapon)
Armour
 b - a +0 scale mail (worn)
 c - a +0 shield (worn)
 j - a +0 pair of gloves (worn)
Scrolls
 i - a scroll of teleportation {unknown}
 m - a scroll of blinking {unknown}
 o - a scroll of noise {unknown}
Potions
 d - 3 potions of might
 h - 2 potions of invisibility {unknown}
 k - a potion of haste {unknown}
Comestibles
 e - 2 bread rations
 f - a meat ration
 l - 2 fruits
 n - 3 chunks of flesh


   Skills:
 + Level 4.5 Fighting
 + Level 3.2 Axes
 + Level 4.4 Armour
 + Level 1.6 Dodging
 + Level 4.3 Shields


You had 3 spell levels left.
You didn't know any spells.

Dungeon Overview and Level Annotations

Branches:
Dungeon (3/15)

Altars:
Makhleb


Innate Abilities, Weirdness & Mutations

You reflexively headbutt those who attack you in melee.
You have a pair of horns on your head.


Message History

You hit something but do no damage.
The orc wizard hits you with an enchanted dagger.
Something hits you.
* * * LOW HITPOINT WARNING * * *
The orc wizard hits you with an enchanted dagger.
* * * LOW HITPOINT WARNING * * *
Something hits you but does no damage.
The orc wizard points at you and mumbles some strange words.
The puff of flame hits you!
* * * LOW HITPOINT WARNING * * *
You hear some strange, mumbled words.
A puff of flame appears from out of thin air!
The puff of flame hits you!
* * * LOW HITPOINT WARNING * * *
As you read the scroll labeled RAXUTEF PUNO, it crumbles to dust.
It is a scroll of recharging.
You aren't carrying any rechargeable items.
The orc wizard gestures at you while chanting.
The magic dart hits you!
You die...

P♣♣♣...♣♣♣...♣♣♣...♣♣♣...
PP..P.P...P........P..P.#
.......................
........P.PP.......P..
♣...♣♣♣...♣♣♣..P♣♣♣..
♣...♣ ♣P.P♣ ♣P..♣ ..
..♣♣♣...♣♣♣..P♣♣♣...♣
.......o†....P.PP..P..
.......{)@.............
.PP....P..PP...P...PPPP
..♣♣♣...♣♣♣P..♣♣♣P.. .
♣...♣ ♣P.P♣ ... ♣P..♣
♣...♣ .P .PP... ....PP
....... ....... ......
.......


You could see an orc wizard.

Vanquished Creatures
  A hound (D:2)
  2 adders (D:2)
  4 worms
  2 giant geckos (D:1)
  3 orcs (D:3)
  A giant cockroach (D:1)
  3 hobgoblins
  A ball python (D:2)
  10 bats
  A giant newt (D:2)
  10 goblins
  8 kobolds
  2 quokkas (D:2)
  5 rats
53 creatures vanquished.

Notes
Turn   | Place    | Note
--------------------------------------------------------------
     0 | D:1      | zeke the Minotaur Fighter began the quest for the Orb.
     0 | D:1      | Reached XP level 1. HP: 19/19 MP: 0/0
   262 | D:1      | Reached XP level 2. HP: 21/27 MP: 1/1
   324 | D:1      | Reached skill level 4 in Armour
   792 | D:2      | Reached XP level 3. HP: 33/33 MP: 2/2
  1095 | D:2      | Reached skill level 1 in Dodging
  1097 | D:2      | Reached XP level 4. HP: 13/41 MP: 3/3
  1119 | D:2      | Found a burning altar of Makhleb.
  1270 | D:2      | Became a worshipper of Makhleb the Destroyer
  1839 | D:3      | HP: 2/41 [something/puff of flame (5)]
  1840 | D:3      | Killed from afar by an orc wizard

Vault maps used:
D:1:      dpeg_arrival_erosion
D:2:      makhleb_heckhound_becter
D:3:      kennysheep_boxes

Action                   |  1- 3 |  4- 6 || total
-------------------------+-------+-------++-------
Melee: War axe           |   102 |    51 ||   153
  Use: Scroll            |       |     1 ||     1
  Eat: Chunk             |     1 |       ||     1
       Bread ration      |       |     1 ||     1
